 Dungeon Crawl Stone Soup version 0.26-a0-812-g31a745ddcd (webtiles) character file.

Game seed: 5140136673461261867

45 kae the Insei (level 3, 0/20 HPs)
             Began as a Tengu Transmuter on Nov 23, 2020.
             Slain by Robin
             ... wielding a +0 spear
              (3 damage)
             ... on level 2 of the Dungeon.
             The game lasted 00:00:55 (1571 turns).

kae the Insei (Tengu Transmuter)                    Turns: 1571, Time: 00:00:55

Health: 0/20       AC:  2    Str: 11    XL:     3   Next: 64%
Magic:  5/7        EV: 13    Int: 13    God:
Gold:   31         SH:  0    Dex: 14    Spells: 1/6 levels left

rFire    . . .     SeeInvis .     - Unarmed
rCold    . . .     Faith    .   (no shield)
rNeg     . . .     Spirit   .   a - +0 robe
rPois    .         Reflect  .   (helmet restricted)
rElec    .         Harm     .   (no cloak)
rCorr    .         Rampage  .   (no gloves)
MR       .....                  (boots unavailable)
Stlth    +.........             (no amulet)
HPRegen  0.06/turn              (no ring)
MPRegen  0.10/turn              (no ring)

@: no status effects
A: beak, talons 3
a: no special abilities


You were on level 2 of the Dungeon.
You visited 1 branch of the dungeon, and saw 2 of its levels.

You collected 31 gold pieces.

Inventory:

Armour
 a - a +0 robe (worn)
Jewellery
 g - an uncursed ring of protection from cold {unknown}
Scrolls
 b - 2 scrolls of remove curse {unknown}
 e - 3 scrolls of random uselessness {unknown}
 f - a scroll of fear {unknown}
Potions
 c - a potion of mutation {unknown}
 d - 2 potions of heal wounds {unknown}


   Skills:
 + Level 1.4 Fighting
 + Level 2.4 Dodging
 * Level 3.9 Unarmed Combat
 + Level 2.2 Spellcasting
 * Level 2.1 Transmutations


You had one spell level left.
You knew the following spells:

 Your Spells              Type           Power        Failure   Level
a - Beastly Appendage     Tmut           #.....       11%         1
b - Animate Skeleton      Necr           #.....       26%         1
c - Spider Form           Tmut/Pois      #.........   43%         3

Your spell library contained the following spells:

 Spells                   Type           Power        Failure   Level
 Apportation              Tloc           #.....       26%         1
 Corona                   Hex            #......      26%         1
 Summon Small Mammal      Summ           #...         26%         1
 Wereblood                Tmut           #.......     16%         2
 Ice Form                 Ice/Tmut       #.......     85%         4
 Blade Hands              Tmut           #.........   96%         5


Dungeon Overview and Level Annotations

Branches:
Dungeon (2/15)

Altars:

Annotations:
D:2 Robin


Innate Abilities, Weirdness & Mutations

You have a beak for a mouth.
You have claws for feet.


Message History

You bite the goblin!
You kill the goblin!
Robin hits you from afar with a +0 spear.
Robin laughs in a distinctly smug fashion.
Robin barely misses you.
Things that are here:
a cursed -1 club; a goblin corpse; a hobgoblin corpse You barely miss Robin.
Robin misses you.
You hit Robin.
Robin is poisoned.
Robin is lightly wounded.
Robin closely misses you.
You bite Robin!
Robin looks as sick as possible!
Robin is heavily wounded.
Robin hits you with a +0 spear!
* * * LOW HITPOINT WARNING * * *
You hit Robin but do no damage.
Robin looks as sick as possible!
Robin is severely wounded.
Your transformation has ended.
Your +0 robe unmelds from your body.
Robin hits you with a +0 spear.
You die...

.......[##.##.#######.†.....#
...#8..8##<#≈≈≈≈≈≈≈.(...###.#
#.##8..8#≈≈≈≈≈≈≈≈≈≈≈≈≈..#
#.##≈..≈≈≈≈≈≈≈≈≈≈≈≈≈≈≈≈≈#
..≈≈≈.)≈≈≈≈≈≈≈≈≈≈≈≈≈≈≈≈≈≈≈
≈≈≈≈≈..≈≈≈≈≈≈≈..#≈≈≈K≈≈≈≈≈#
≈≈≈≈≈..≈≈≈≈#######..≈≈≈≈≈≈#
≈≈≈≈≈..≈############..≈≈≈≈#
≈≈≈≈8..8# #...g@.)...##..#
≈###8..8# #.########.# .# #
#....# #.# .##.### #....# #.#
....g.. ##..## #g# ......#
#.## #.########).....# #.#
#....gg.).....<.# #.#
#.######.##.....#
#.######.######.# ....#


You could see Robin (extremely poisoned).

Vanquished Creatures
  A worker ant zombie (D:2)
  A worm (D:2)
  A leopard gecko (D:2)
  3 giant cockroaches (D:2)
  6 goblins
  3 hobgoblins (D:2)
  5 kobolds
  3 bats (D:1)
  A frilled lizard (D:1)
  6 rats
30 creatures vanquished.

Notes
Turn   | Place    | Note
-------+----------+-------------------------------------------
     0 | D:1      | kae the Tengu Transmuter began the quest for the Orb.
     0 | D:1      | Reached XP level 1. HP: 12/12 MP: 4/4
   556 | D:1      | Reached XP level 2. HP: 9/16 MP: 6/6
  1357 | D:2      | Reached XP level 3. HP: 10/20 MP: 5/7
  1360 | D:2      | Learned a level 1 spell: Animate Skeleton
  1539 | D:2      | Noticed Robin
  1543 | D:2      | Learned a level 3 spell: Spider Form
  1571 | D:2      | Slain by Robin

Illustrated notes

Levels and vault maps discovered:
D:1:      dpeg_arrival_subterranean_lakeside_camping, layout_basic
D:2:      wander_river, layout_loops_ring, uniq_terence, uniq_natasha,
          uniq_robin

Skill      XL: |  1  2 |
---------------+-------+-----
Transmutations | 2 |  2.1
Fighting       | |  1.4
Dodging        | |  2.4
Unarmed Combat | |  3.9
Spellcasting   | |  2.2

Action                   || total
-------------------------++-------
Melee: Unarmed           ||    72
       Headbutt          ||    12
       Kick              ||    12
       Peck              ||     7
       Punch             ||     1
 Cast: Beastly Appendage ||    19
       Spider Form       ||     1
 Stab: Sleeping          ||     1
Armor: Robe              ||    10
Dodge: Dodged            ||    57

Table legend: (Time is in decaauts)
 A = Elapsed time spent in this place.
 B = Non-inter-level travel time spent in this place.
 C = Inter-level travel time spent in this place.
 D = Time resting spent in this place.
 E = Time spent auto-exploring this place.
 F = Levels seen in this place.
 G = Mean time per level.
                   A        B        C        D        E       F      G
               +--------+--------+--------+--------+--------+-----+--------+
         Total |   1566 |   1556 |     10 |    143 |   1189 |   2 |  783.0 |
       Dungeon |   1566 |   1556 |     10 |    143 |   1189 |   2 |  783.0 |
               +--------+--------+--------+--------+--------+-----+--------+

Top non-repeatable levels by time:
     D:1: 1083 daAuts
     D:2: 482 daAuts
